 Dungeon Crawl Stone Soup version 0.25.1-8-g42b30a86e7 (webtiles) character file.

Game seed: 14089295223885693943

77 Abzac the Shooter (level 4, -2/37 HPs)
             Began as a Centaur Hunter on Dec 16, 2020.
             Slain by a hound (5 damage)
             ... on level 3 of the Dungeon.
             The game lasted 00:05:59 (3177 turns).

Abzac the Shooter (Centaur Hunter)                  Turns: 3177, Time: 00:06:00

Health: -2/37      AC:  4    Str: 14    XL:     4   Next: 13%
Magic:  4/4        EV:  9    Int: 10    God:
Gold:   162        SH:  0    Dex: 11    Spells: 3/3 levels left

rFire    . . .     SeeInvis .   a - +1 shortbow
rCold    . . .     Gourm    .   (shield currently unavailable)
rNeg     . . .     Faith    .   c - +0 leather armour
rPois    .         Spirit   .   (no helmet)
rElec    .         Reflect  .   (no cloak)
rCorr    .         Harm     .   (no gloves)
MR       .....                  (no barding)
Stlth    +.........             (no amulet)
HPRegen  0.12/turn              (no ring)
MPRegen  0.09/turn              (no ring)

@: very quick
A: large, hooves 3, deformed body, speed 2, tough skin 3
a: no special abilities


You were on level 3 of the Dungeon.
You were very hungry.

You visited 1 branch of the dungeon, and saw 4 of its levels.

You collected 162 gold pieces.

Inventory:

Hand Weapons
 a - a +1 shortbow (weapon)
 b - a +0 short sword
Missiles
 d - 78 arrows (quivered)
Armour
 c - a +0 leather armour (worn)
 g - a +4 ring mail
Scrolls
 h - 2 scrolls of enchant armour {unknown}
 i - 5 scrolls of identify {unknown}
 j - 2 scrolls of remove curse {unknown}
 l - a scroll of magic mapping {unknown}
 n - a scroll of fear {unknown}
 r - a scroll of blinking {unknown}
Potions
 e - a potion of flight {unknown}
 k - a potion of resistance {unknown}
 m - a potion of lignification {unknown}
 o - a potion of berserk rage {unknown}
 q - a potion of brilliance {unknown}
Comestibles
 f - 5 rations


   Skills:
 + Level 2.7 Fighting
 + Level 1.4 Short Blades
 * Level 6.5 Bows
 - Level 1.3 Dodging
 - Level 0.4 Stealth


You had 3 spell levels left.
You didn't know any spells.
Your spell library contained the following spells:

 Spells                   Type           Power        Failure   Level  Hunger
 Magic Dart               Conj           #...         43%         1    ##.....
 Blink                    Tloc           N/A          58%         2    ###....
 Call Imp                 Summ           #.......     58%         2    ###....
 Slow                     Hex            #.......     58%         2    ###....
 Conjure Flame            Conj/Fire      #.......     82%         3    ####...
 Mephitic Cloud           Conj/Pois/Air  #.......     82%         3    ####...


Dungeon Overview and Level Annotations

Branches:
Dungeon (4/15)
 Temple: D:4-7

Altars:


Innate Abilities, Weirdness & Mutations

You have hooves in place of feet.
Armour fits poorly on your strangely shaped body.
You cover ground very quickly.
You have extremely tough skin. (AC +3)


Message History

Firing (i - inventory)
d - 81 arrows (quivered)
Press: ? - help, Shift-Dir - straight line, f - hound
Aim: a hound (lightly wounded)
You shoot an arrow. The arrow barely misses the hound.
The hound bites you.
* * * LOW HITPOINT WARNING * * *
Firing (i - inventory)
d - 80 arrows (quivered)
Press: ? - help, Shift-Dir - straight line, f/p - hound
Aim: a hound (lightly wounded)
You shoot an arrow. The arrow hits the hound!
The hound is severely wounded.
The hound closely misses you. The hound bites you.
* * * LOW HITPOINT WARNING * * *
Firing (i - inventory)
d - 79 arrows (quivered)
Press: ? - help, Shift-Dir - straight line, f/p - hound
Aim: a hound (severely wounded)
You shoot an arrow.
The arrow hits the hound but does no damage.
The hound is severely wounded.
The hound bites you.
You die...

#........##
#.).......##
#....).....###
#....รท.......##
##########....###
#### ##.....#
#..## ####...
#..)##### #.#.
#@#<....#### #.##
#h#####....## #.#
#.# ####..###.##
#.## ##..##..#
#..# ##.###.#
##.## #..##..
#..# ##(###. ##(#
#..### #.# ##..##


You could see a hound.

Vanquished Creatures
  An adder (D:2)
  An ooze (D:3)
  2 dart slugs
  3 leopard geckos
  4 giant cockroaches
  12 hobgoblins
  4 jackals (D:1)
  A quokka (D:2)
  6 bats
  4 frilled lizards
  5 goblins
  3 kobolds
  9 rats
55 creatures vanquished.

Notes
Turn   | Place    | Note
-------+----------+-------------------------------------------
     0 | D:1      | Abzac the Centaur Hunter began the quest for the Orb.
     0 | D:1      | Reached XP level 1. HP: 17/17 MP: 1/1
   199 | D:1      | Reached XP level 2. HP: 21/24 MP: 2/2
   691 | D:1      | Reached skill level 6 in Bows
   824 | D:1      | Reached skill level 1 in Short Blades
   963 | D:1      | Reached XP level 3. HP: 29/30 MP: 3/3
  2372 | D:3      | Reached XP level 4. HP: 34/37 MP: 4/4
  3177 | D:3      | Slain by a hound

Illustrated notes

Levels and vault maps discovered:
D:1:      dpeg_arrival_shrine, layout_loops_corners
D:2:      layout_loops_ring
D:3:      layout_rooms
D:4:      layout_loops_ring, uniq_grinder

Skill      XL: |  1  2 |
---------------+-------+-----
Bows           | 6 |  6.5
Short Blades   | 1 |  1.4
Fighting       | |  2.7
Dodging        | |  1.3
Stealth        | |  0.4

Action                   |  1- 3 |  4- 6 || total
-------------------------+-------+-------++-------
Melee: Short sword       |   155 |    29 ||   184
       Kick              |    26 |     4 ||    30
       Shortbow          |       |     1 ||     1
 Fire: Shortbow          |     2 |     3 ||     5
  Eat: Ration            |     1 |       ||     1
       Chunk             |     1 |       ||     1
Armor: Leather armour    |    58 |     6 ||    64
Dodge: Dodged            |    73 |    16 ||    89
